 Dungeon Crawl Stone Soup version 0.29-a0-553-g81b289dbe5 (webtiles) character file.

Game seed: 13096748839870384513

15 testman the Cudgeller (level 2, -2/25 HPs)
             Began as a Meteoran Wanderer on June 6, 2022.
             Slain by a worm (5 damage)
             ... on level 2 of the Dungeon.
             The game lasted 00:02:42 (549 turns).

testman the Cudgeller (Meteoran Wanderer)            Turns: 549, Time: 00:02:43

Health: -2/25      AC:  2    Str: 14    XL:     2   Next: 88%
Magic:  5/5        EV: 11    Int: 15    God:
Gold:   15         SH:  4    Dex: 10    Spells: 2/3 levels left

rFire   . . .      SeeInvis .   a - +2 mace
rCold   . . .      Faith    .   b - +0 buckler
rNeg    . . .      Spirit   .   d - +0 robe
rPois   .          Reflect  .   (no helmet)
rElec   .          Harm     .   (no cloak)
rCorr   .          Rampage  .   (no gloves)
Will    .....                   (no boots)
Stlth   +.........              (no amulet)
HPRegen 0.08/turn               (no ring)
MPRegen 0.09/turn               (no ring)

@: glowing
A: sense surroundings 1, otherworldly, glowing, explore regen
a: no special abilities


You were on level 2 of the Dungeon.
You visited 1 branch of the dungeon, and saw 2 of its levels.

You collected 15 gold pieces.

Inventory:

Hand Weapons
 a - a +2 mace (weapon)
Missiles
 f - 4 poisoned darts
Armour
 b - a +0 buckler (worn)
 d - a +0 robe (worn)
Scrolls
 g - 3 scrolls of blinking {unknown}
Potions
 c - a potion of curing
 e - 2 potions of heal wounds {unknown}


   Skills:
 + Level 2.6 Fighting
 + Level 3.2 Maces & Flails
 - Level 1.2 Armour
 - Level 1.2 Dodging
 + Level 2.0 Shields
 - Level 1.3 Spellcasting
 - Level 1.2 Poison Magic
 - Level 1.2 Invocations


You had 2 spell levels left.
You knew the following spells:

 Your Spells              Type           Power      Damage    Failure   Level
a - Sting                 Tmut/Pois      8%         1d3       24%         1

Your spell library contained the following spells:

 Spells                   Type           Power      Damage    Failure   Level
 Ignite Poison            Fire/Tmut/Pois 2%         N/A       63%         3


Dungeon Overview and Level Annotations

Branches:
Dungeon (2/15)

Altars:


Innate Abilities, Weirdness & Mutations

You passively map a small area around you.
You are easily found by Zot.
You glow in the dark.
You regain HP and MP as you explore.


Message History

No target in view!
No target in view!
Things that are here:
a +0 hunting sling; a +0 robe You open the door.
Found a stone staircase leading down.
Found an escape hatch in the ceiling.
As you open the door, it creaks loudly!
A worm comes into view.
Found 22 gold pieces and a glowing grey potion.
There is an open door here.
A rat comes into view.
You hit the worm.
The worm is lightly wounded.
You sock the worm!
The worm is heavily wounded.
The rat bites you. The worm misses you. The rat bites you.
You hit the worm but do no damage.
The worm is heavily wounded.
The rat bites you. The worm barely misses you.
You hit the worm but do no damage.
The worm is moderately wounded.
The rat misses you. You block the worm's attack.
You barely miss the worm.
The worm is moderately wounded.
You block the rat's attack. The rat bites you but does no damage.
You hit the worm.
The worm is heavily wounded.
The worm bites you! The rat misses you.
You are too injured to fight recklessly!
You are too injured to fight recklessly!
You are too injured to fight recklessly!
You hit the worm.
The worm is heavily wounded.
You block the rat's attack. The worm bites you!
* * * LOW HITPOINT WARNING * * *
You hit the rat.
You kill the rat!
The worm bites you.
You die...

. .....
##...........<.#
, *.#.#.## *
#.†.......######
#...... , ##
#.........#
.##.#..*, ..
#.........# ..
..#..
,#.*#.........#
,, *
#.##'######### ,
#....$....!. ,
*#...........
#..@........,
#.†w....$... ,
** #.......####
##......# ,
*.......# ,
#.##....# , #.
..#+# , *#. ...
,,


You could see a worm.

Vanquished Creatures
  5 endoplasms (D:1)
  A giant cockroach (D:2)
  A goblin (D:1)
  2 hobgoblins
  A quokka (D:1)
  A bat (D:2)
  A kobold (D:1)
  A rat (D:2)
13 creatures vanquished.

Notes
Turn   | Place    | Note
-------+----------+-------------------------------------------
     0 | D:1      | testman the Meteoran Wanderer began the quest for the Orb.
     0 | D:1      | testman set off with the following items: a +2 mace, a +0
                  | buckler, a potion of curing, a +0 robe; and the following
                  | spell memorised: Sting; and the following spells available
                  | to memorise: Ignite Poison
     0 | D:1      | Reached XP level 1. HP: 17/17 MP: 3/3
   180 | D:1      | Reached XP level 2. HP: 10/25 MP: 5/5
   375 | D:1      | Reached skill level 3 in Maces & Flails
   493 | D:1      | Glimpsed the power of Zot.
   549 | D:2      | Slain by a worm

Illustrated notes

Levels and vault maps discovered:
D:1:      dpeg_arrival_boxorama, layout_loops_corners,
          hellmonk_ecumenical_altar_leap_of_faith
D:2:      layout_basic, uniq_natasha

Skill      XL: |  1  2 |
---------------+-------+-----
Maces & Flails | 3 |  3.2
Shields        | 2 |  2.0
Fighting       | |  2.6
Armour         | |  1.2
Dodging        | |  1.2
Spellcasting   | |  1.3
Poison Magic   | |  1.2
Invocations    | |  1.2

Action                   || total
-------------------------++-------
Melee: Mace              ||    37
 Cast: Sting             ||     2
Armor: Robe              ||     9
Dodge: Dodged            ||    13
Block: Buckler           ||     8

Table legend: (Time is in decaauts)
 A = Elapsed time spent in this place.
 B = Non-inter-level travel time spent in this place.
 C = Inter-level travel time spent in this place.
 D = Time resting spent in this place.
 E = Time spent auto-exploring this place.
 F = Levels seen in this place.
 G = Mean time per level.
                   A        B        C        D        E       F      G
               +--------+--------+--------+--------+--------+-----+--------+
         Total |    558 |    510 |     48 |    181 |    221 |   2 |  279.0 |
       Dungeon |    558 |    510 |     48 |    181 |    221 |   2 |  279.0 |
               +--------+--------+--------+--------+--------+-----+--------+

Top non-repeatable levels by time:
     D:1: 502 daAuts
     D:2: 56 daAuts
